Map: Chantier naval orbital

Players

Hatred

  • Race: Zerg Zerg
  • League: Master

zuka - Winner!

  • Race: Protoss Protoss
  • League: Master

VOD

Have the link to the VOD?

Description

Time

  • Played on: Feb. 8, 2016, 3:13 p.m.
  • Length: 8:37
Show
View Real Time Build Order
Export as new Build Order

Hatred Zerg 

Build Orders: Pool First 

Get SALT Encoding   

  12  0:17  Spawning Pool  
  11  0:21  Drone  
  11  0:28  Drone  
  13  0:32  Drone  
  14  0:40  Overlord  
  14  1:05  Zergling x6  
  14  1:08  Queen  
  19  1:17  Zergling x2  
  20  1:27  Zergling x2  
  21  1:38  Zergling x2  
  22  1:50  Hatchery  
  22  1:51  Zergling x2  
  22  2:10  Drone, Hatchery  
  22  2:19  Evolution Chamber, Extractor  
  22  2:20  Drone  
  21  2:34  Drone  
  21  2:35  Overlord  
  22  2:56  Drone  
  22  2:57  Drone x2  
  25  3:00  Drone  
  25  3:05  Drone  
  27  3:13  Drone  
  27  3:14  Drone  
  29  3:21  Drone  
  29  3:26  Overlord  
  29  3:41  Drone x3  
  29  3:42  Drone x2  
  29  3:46  Drone  
  32  3:55  Drone x3  
  33  4:00  Drone x2  
  35  4:06  Metabolic Boost  
  35  4:12  Zerg Melee Weapons Level 1  
  35  4:16  Drone x3  
  37  4:29  Queen  
  39  4:32  Drone  
  39  4:33  Drone x4  
  44  4:38  Queen  
  44  4:43  Spore Crawler  
  44  4:44  Spore Crawler  
  44  4:47  Spore Crawler  
  44  4:51  Zergling x6  
  46  4:56  Zergling x4  
  47  5:09  Drone  
  47  5:10  Drone x4  
  49  5:16  Lair  
  49  5:20  Drone x2  
  50  5:23  Overlord  
  50  5:24  Overlord  
  50  5:39  Overlord x2  
  50  5:44  Drone  
  50  5:45  Drone x2  
  50  5:46  Drone x2  
  50  5:47  Zergling x12  
  50  5:48  Zergling x2  
  62  5:51  Queen  
  64  6:00  Drone x2  
  64  6:02  Zergling x6  
  69  6:10  Zergling x8  
  73  6:13  Zerg Melee Weapons Level 2  
  73  6:17  Drone  
  74  6:19  Overlord  
  74  6:20  Overlord  
  72  6:36  Queen  
  72  6:37  Queen x2  
  78  6:40  Extractor  
  78  6:41  Extractor, Drone x3  
  78  6:42  Drone x4  
  78  6:43  Drone x2  
  85  6:47  Extractor  
  85  6:53  Drone x3  
  87  6:54  Zergling x6  
  87  6:55  Spire, Zergling x2  
  87  7:01  Spine Crawler  
  89  7:02  Spine Crawler  
  89  7:03  Zergling x4  
  87  7:12  Zergling x10  
  87  7:22  Zergling x4  
  79  7:31  Zergling x10  
  79  7:32  Zergling x6  
  75  7:42  Zergling x4  
  75  7:46  Zergling x4, Queen x3  
  76  7:52  Zergling x2  
  76  7:53  Zergling x12  
  74  8:06  Mutalisk x3  
  74  8:07  Mutalisk  
Show
View Real Time Build Order
Export as new Build Order

zuka Protoss - Winner!

Build Orders: Nexus First 

Get SALT Encoding   

  12  0:01  Probe (Chrono Boost)  
  13  0:11  Probe (Chrono Boost)  
  14  0:18  Pylon  
  14  0:22  Probe (Chrono Boost)  
  15  0:36  Probe (Chrono Boost)  
  16  0:47  Probe (Chrono Boost)  
  17  1:01  Nexus  
  17  1:13  Forge  
  17  1:21  Gateway  
  17  1:34  Gateway  
  17  1:46  Photon Cannon  
  17  1:48  Probe (Chrono Boost)  
  17  1:54  Assimilator  
  17  1:59  Probe (Chrono Boost)  
  18  2:05  Assimilator  
  18  2:09  Probe (Chrono Boost)  
  19  2:20  Probe (Chrono Boost)  
  20  2:24  Cybernetics Core  
  20  2:29  Probe (Chrono Boost)  
  21  2:30  Probe (Chrono Boost)  
  22  2:39  Pylon  
  22  2:40  Probe (Chrono Boost)  
  22  2:41  Probe (Chrono Boost)  
  24  2:51  Probe (Chrono Boost)  
  25  2:52  Probe (Chrono Boost)  
  26  3:00  Warp Gate  
  26  3:01  Probe (Chrono Boost)  
  26  3:02  Probe (Chrono Boost)  
  28  3:07  Adept x2  
  28  3:12  Probe (Chrono Boost)  
  34  3:13  Probe (Chrono Boost)  
  34  3:22  Probe (Chrono Boost), Twilight Council  
  34  3:25  Probe (Chrono Boost)  
  36  3:33  Probe (Chrono Boost)  
  37  3:35  Probe (Chrono Boost)  
  35  3:48  Mothership Core (Chrono Boost)  
  28  3:55  Probe (Chrono Boost)  
  26  4:05  Probe (Chrono Boost)  
  26  4:06  Probe (Chrono Boost)  
  26  4:16  Probe (Chrono Boost)  
  26  4:17  Probe (Chrono Boost)  
  28  4:27  Probe x2 (Chrono Boost)  
  30  4:34  Zealot x2  
  30  4:37  Probe (Chrono Boost)  
  30  4:38  Probe (Chrono Boost)  
  36  4:47  Probe (Chrono Boost)  
  36  4:48  Probe (Chrono Boost)  
  38  4:56  Probe (Chrono Boost)  
  38  4:58  Charge (Chrono Boost)  
  38  4:59  Probe  
  40  5:07  Probe  
  40  5:11  Probe  
  42  5:17  Probe  
  42  5:19  Robotics Facility  
  41  5:23  Probe  
  41  5:24  Zealot x2  
  41  5:27  Pylon  
  46  5:36  Pylon  
  46  5:43  Gateway  
  46  5:44  Probe  
  46  5:48  Stalker  
  46  5:49  Gateway x2  
  49  5:54  Gateway  
  49  5:57  Zealot  
  51  6:07  Warp Prism (Chrono Boost)  
  53  6:14  Gateway  
  53  6:17  Zealot  
  53  6:18  Pylon  
  55  6:21  Pylon  
  55  6:23  Zealot  
  57  6:42  Zealot x2  
  57  6:44  Zealot x3  
  67  6:58  Pylon  
  67  7:01  Pylon  
  67  7:12  Zealot x2  
  67  7:13  Zealot x4  
  67  7:14  Zealot  
  71  7:34  Zealot x2  
  71  7:35  Zealot x5  
  61  8:06  Zealot x4  
  61  8:07  Stalker x3  
  63  8:29  Stalker x4  
  63  8:31  Stalker x3  
Tags
 
Add a new tag
Caveats
  • Supply blocks, unpowered buildings, or Contaminate may cause inaccurate times.
  • Supply counts are checked every 10 seconds.